 Dungeon Crawl Stone Soup version 0.31.0-12-g77e489cdc1 (webtiles) character file.

Game seed: 7864263733356184547

2266122 cdecastro the Sorcerer (level 27, 165/165 HPs)
             Began as a Deep Elf Fire Elementalist on Feb 17, 2024.
             Was the Champion of Sif Muna.
             Escaped with the Orb
             ... and 5 runes on Feb 22, 2024!
             The game lasted 07:45:23 (123152 turns).

cdecastro the Sorcerer (DEFE)                     Turns: 123152, Time: 07:45:23

Health: 165/165    AC: 23    Str: 10    XL:     27
Magic:  55/55      EV: 36    Int: 38    God:    Sif Muna [******]
Gold:   7324       SH:  0    Dex: 20    Spells: 3/78 levels left

rFire   + . .        J - staff "Dragon's Tongue" {rC+ rN+ Int+2 Dex+7 Necro}
rCold   + . .        V - orb {*channel}
rNeg    + . .        f - +3 troll leather armour of a Thousand Wars {Regen+ Str+5}
rPois   +            W - +2 helmet {Int+3}
rElec   +            u - +4 dragonskin cloak
rCorr   +            Z - +3 pair of gauntlets of War {Slay+5}
SInv    .            q - +3 pair of mountain boots {steadfast, rC+}
Will    ++++.        F - amulet of Vitality {RegenMP++ Regen++}
Stlth   ++           w - ring of Romoinwabb {Fire rElec rPois rCorr}
HPRegen 2.87/turn    o - ring of the Hare {EV+10}
MPRegen 1.14/turn

%: channel magic (20%)
@: studying Shields
A: hooves 1, clumsy 1, deformed body, strong-willed 2, weak 1, evolution 1,
MP-powered wands, noise suppression, persistent drain
0: Orb of Zot
}: 5/15 runes: barnacled, slimy, silver, abyssal, gossamer
a: Renounce Religion, Channel Magic, Forget Spell, Divine Exegesis


You escaped.
You worshipped Sif Muna.
Sif Muna was exalted by your worship.
You visited 13 branches of the dungeon, and saw 57 of its levels.
You visited the Abyss 3 times.
You also visited: Trove, Ossuary, Bailey and Gauntlet.

You collected 10838 gold pieces.
You spent 3514 gold pieces at shops.

Inventory:

Hand Weapons
 a - the +10 spear "Yfriw" {freeze, Fly Dex+3}
   (You found it on level 5 of the Lair of Beasts)

   Dex+3:     It affects your dexterity (+3).
   Fly:       It grants you flight.
Armour
 f - the +3 troll leather armour of a Thousand Wars (worn) {Regen+ Str+5}
   (You bought it in a shop on level 4 of the Shoals)

   Str+5:     It affects your strength (+5).
   Regen+:    It increases your rate of health regeneration.
 q - the +3 pair of mountain boots (worn) {steadfast, rC+}
   (You bought it in a shop on level 2 of the Orcish Mines)

   Steadfast: It prevents involuntary movement, except for blinking,
   teleportation, or banishment.
   rC+:       It protects you from cold.
 u - the +4 dragonskin cloak (worn)
   (You took it off Tiamat on level 2 of the Realm of Zot)

   Avatar's Aegis: It grants the wearer a chance to resist fire, cold, poison,
   electricity, acid, and negative energy.
 V - an orb of energy (worn)
 W - a +2 helmet of intelligence (worn)
 Z - the +3 pair of gauntlets of War (worn) {Slay+5}
   (You found it on level 2 of the Vaults)

   Slay+5:    It affects your accuracy & damage with ranged weapons and melee
   (+5).
Magical Staves
 b - a staff of air
 c - a staff of fire
 J - the staff "Dragon's Tongue" (weapon) {rC+ rN+ Int+2 Dex+7 Necro}
   (You took it off Josephina on level 3 of the Crypt)

   [staff of death]

   Base accuracy: +5 Base damage: 5 Base attack delay: 1.2 This weapon's minimum
   attack delay (0.6) is reached at skill level 12.
   Int+2:     It affects your intelligence (+2).
   Dex+7:     It affects your dexterity (+7).
   rC+:       It protects you from cold.
   rN+:       It protects you from negative energy.
   Necro:     It increases the power of your Necromancy spells.
   It falls into the 'Staves' category.
   It is a one-handed weapon.
Jewellery
 d - a ring of wizardry
 o - the ring of the Hare (right hand) {EV+10}
   (You found it in a Gauntlet)

   [ring of evasion]

   EV+10:     It affects your evasion (+10).
 w - the ring of Romoinwabb (left hand) {Fire rElec rPois rCorr}
   (You took it off a merfolk impaler on level 1 of the Shoals)

   [ring of fire]

   Fire:      It enhances your fire magic.
   rF+:       It protects you from fire.
   rC-:       It makes you vulnerable to cold.
   rElec:     It insulates you from electricity.
   rPois:     It protects you from poison rCorr: It protects you from acid and
   corrosion.
 F - the amulet of Vitality (around neck) {RegenMP++ Regen++}
   (You found it on level 5 of the Pits of Slime)

   [amulet of magic regeneration]

   RegenMP:   It increases your rate of magic regeneration.
   Regen++:   It increases your rate of health regeneration.
 G - a ring of see invisible
 H - the ring of Hoiter {rF+ rC+ Int+2}
   (You found it on level 5 of the Pits of Slime)

   [ring of protection from fire]

   Int+2:     It affects your intelligence (+2).
   rF+:       It protects you from fire.
   rC+:       It protects you from cold.
 O - the ring "Egunash" {rN+ Will+ Str+4}
   (You acquired it on level 15 of the Dungeon)

   [ring of positive energy]

   Str+4:     It affects your strength (+4).
   rN+:       It protects you from negative energy.
   Will+:     It increases your willpower.
 U - the ring of Hoinel {EV+5 Dex+4}
   (You found it on level 5 of the Pits of Slime)

   [ring of evasion]

   EV+5:      It affects your evasion (+5).
   Dex+4:     It affects your dexterity (+4).
Wands
 e - a wand of digging (5)
 D - a wand of iceblast (71)
 X - a wand of acid (42)
Scrolls
 g - 3 scrolls of poison
 k - 7 scrolls of revelation
 m - 6 scrolls of fog
 n - 9 scrolls of immolation
 x - 14 scrolls of teleportation
 E - 12 scrolls of fear
 N - a scroll of blinking
 P - 3 scrolls of torment
 R - 3 scrolls of silence
Potions
 i - 5 potions of magic
 j - 13 potions of mutation
 l - 7 potions of might
 p - 7 potions of attraction
 s - 14 potions of enlightenment
 t - 26 potions of curing
 v - 12 potions of heal wounds
 y - 4 potions of cancellation
 z - 12 potions of brilliance
 A - 8 potions of lignification
 C - 3 potions of invisibility
 I - 9 potions of resistance
 K - 12 potions of haste
Miscellaneous
 h - a lightning rod (4/4)
 r - a phantom mirror
 S - a box of beasts


   Skills:
 - Level 15.0 Fighting
 - Level 9.0 Staves
 - Level 10.0 Armour
 - Level 20.0 Dodging
 - Level 7.1 Stealth
 - Level 26.0 Spellcasting
 + Level 23.6 Conjurations
 - Level 24.0 Fire Magic
 - Level 22.0 Air Magic
 - Level 14.0 Invocations
 - Level 10.0 Evocations


You had 3 spell levels left.
You knew the following spells:

 Your Spells              Type           Power      Damage    Failure   Level
a - Foxfire               Conj/Fire      100%       2x1d9     1%          1
b - Fire Storm            Conj/Fire      74%        8d19      10%         9
c - Chain Lightning       Conj/Air       61%        3d81      13%         9
d - Volatile Blastmotes   Fire/Tloc      100%       2d18      1%          3
e - Freezing Cloud        Conj/Ice/Air   52%        6-21      1%          5
g - Fireball              Conj/Fire      74%        3d28      1%          5
h - Starburst             Conj/Fire      74%        6d19      1%          6
i - Arcjolt               Conj/Air       61%        1d71      1%          5
j - Plasma Beam           Fire/Air       73%        2x1d90    1%          6
k - Airstrike             Air            60%        2d(9-25)  1%          4
l - Conjure Ball Lightni  Conj/Air       61%        3x3d22    1%          6
m - Ignition              Fire           74%        3d19      2%          8
n - Maxwell's Capacitive  Air            60%        ∞         3%          8

Your spell library contained the following spells:

 Spells                   Type           Power      Damage    Failure   Level
 Kiss of Death            Conj/Necr      100%       2d13      1%          1
 Magic Dart               Conj           100%       1d8       1%          1
 Shock                    Conj/Air       100%       1d9       1%          1
 Sting                    Conj/Alch      100%       1d9       1%          1
 Cigotuvi's Dreadful Rot  Necr/Alch/Air  100%       N/A       1%          2
 Mercury Vapours          Alch/Air       100%       N/A       1%          2
 Momentum Strike          Conj/Tloc      100%       3d10      1%          2
 Scorch                   Fire           100%       2d9       1%          2
 Searing Ray              Conj           100%       2d8       1%          2
 Static Discharge         Conj/Air       100%       3-8/arc   1%          2
 Dazzling Flash           Conj/Hex       100%       N/A       1%          3
 Hailstorm                Conj/Ice       96%        3d15      1%          3
 Inner Flame              Hex/Fire       100%       N/A       1%          3
 Mephitic Cloud           Conj/Alch/Air  100%       N/A       1%          3
 Stone Arrow              Conj/Erth      100%       3d13      1%          3
 Swiftness                Air            100%       N/A       1%          3
 Apportation              Tloc           98%        N/A       3%          1
 Freeze                   Ice            100%       1d10      3%          1
 Necrotise                Necr           100%       1d9       3%          1
 Sandblast                Erth           98%        2d20      3%          1
 Slow                     Hex            100%       N/A       3%          1
 Summon Small Mammal      Summ           100%       N/A       3%          1
 Blink                    Tloc           98%        N/A       4%          2
 Call Imp                 Summ           98%        N/A       4%          2
 Ensorcelled Hibernation  Hex/Ice        98%        N/A       4%          2
 Jinxbite                 Hex            98%        N/A       4%          2
 Lesser Beckoning         Tloc           98%        N/A       4%          2
 Sublimation of Blood     Necr           65%        N/A       4%          2
 Call Canine Familiar     Summ           49%        N/A       7%          3
 Confusing Touch          Hex            49%        N/A       7%          3
 Frozen Ramparts          Ice            98%        1d15      7%          3
 Fugue of the Fallen      Necr           65%        N/A       7%          3
 Gell's Gravitas          Tloc           49%        N/A       7%          3
 Ozocubu's Armour         Ice            49%        N/A       7%          3
 Passwall                 Erth           49%        N/A       7%          3
 Sigil of Binding         Hex            49%        N/A       7%          3
 Summon Ice Beast         Ice/Summ       49%        N/A       7%          3
 Teleport Other           Tloc           49%        N/A       7%          3
 Tukima's Dance           Hex            49%        N/A       7%          3
 Vampiric Draining        Necr           65%        2d10      7%          3
 Brom's Barrelling Bould  Conj/Erth      96%        2d11      1%          4
 Flame Wave               Conj/Fire      100%       2d21      1%          4
 Fulminant Prism          Conj/Alch      48%        3d21      1%          4
 Ignite Poison            Fire/Alch      100%       N/A       1%          4
 Iskenderun's Mystic Bla  Conj/Tloc      96%        2d19      1%          4
 Sticky Flame             Fire/Alch      100%       2d15      1%          4
 Summon Blazeheart Golem  Fire/Summ      100%       N/A       1%          4
 Summon Lightning Spire   Summ/Air       93%        N/A       1%          4
 Vhi's Electric Charge    Tloc/Air       100%       N/A       1%          4
 Irradiate                Conj/Alch      48%        3d27      1%          5
 Iskenderun's Battlesphe  Conj           100%       2d15      1%          5
 Silence                  Hex/Air        46%        N/A       1%          5
 Orb of Destruction       Conj           62%        9d15      1%          7
 Bombard                  Conj/Erth      48%        9d8       3%          6
 Spellforged Servitor     Conj/Summ      48%        N/A       11%         7
 Anguish                  Hex/Necr       32%        N/A       14%         4
 Animate Armour           Summ/Erth      98%        N/A       14%         4
 Animate Dead             Necr           65%        N/A       14%         4
 Cause Fear               Hex            24%        N/A       14%         4
 Dimensional Bullseye     Hex/Tloc       24%        N/A       14%         4
 Dispel Undead            Necr           65%        3d22      14%         4
 Leda's Liquefaction      Alch/Erth      24%        N/A       14%         4
 Manifold Assault         Tloc           49%        N/A       14%         4
 Martyr's Knell           Necr/Summ      65%        N/A       14%         4
 Olgreb's Toxic Radiance  Alch           49%        N/A       14%         4
 Passage of Golubria      Tloc           49%        N/A       14%         4
 Petrify                  Alch/Erth      49%        N/A       14%         4
 Alistair's Intoxication  Alch           32%        N/A       32%         5
 Borgnjor's Vile Clutch   Necr/Erth      32%        N/A       32%         5
 Curse of Agony           Necr           65%        N/A       32%         5
 Lee's Rapid Deconstruct  Erth           24%        3d13*     32%         5
 Metabolic Englaciation   Hex/Ice        24%        N/A       32%         5
 Summon Forest            Summ/Tloc      24%        N/A       32%         5
 Summon Mana Viper        Hex/Summ       49%        N/A       32%         5
 Yara's Violent Unravell  Hex/Alch       24%        3d11      32%         5
 Lehudib's Crystal Spear  Conj/Erth      48%        10d11     47%         8
 Death Channel            Necr           32%        N/A       78%         6
 Dispersal                Tloc           24%        N/A       78%         6
 Eringya's Noxious Bog    Alch           24%        4d6       78%         6
 Sculpt Simulacrum        Ice/Alch       24%        N/A       78%         6
 Summon Cactus Giant      Summ           24%        N/A       78%         6
 Enfeeble                 Hex            24%        N/A       99%         7
 Haunt                    Necr/Summ      32%        N/A       99%         7
 Malign Gateway           Summ/Tloc      24%        N/A       99%         7
 Monstrous Menagerie      Summ           24%        N/A       99%         7
 Ozocubu's Refrigeration  Ice            24%        4d12      99%         7
 Summon Hydra             Summ           24%        N/A       99%         7
 Borgnjor's Revivificati  Necr           32%        N/A       100%        8
 Discord                  Hex            24%        N/A       100%        8
 Disjunction              Tloc           24%        N/A       100%        8
 Infestation              Necr           32%        N/A       100%        8
 Summon Horrible Things   Summ           24%        N/A       100%        8
 Death's Door             Necr           32%        N/A       100%        9
 Dragon's Call            Summ           24%        N/A       100%        9
 Polar Vortex             Ice            24%        12d3*     100%        9
 Shatter                  Erth           24%        3d21*     100%        9


Dungeon Overview and Level Annotations

Branches:
Dungeon (15/15)            Temple (1/1) D:6            Lair (5/5) D:8
 Shoals (4/4) Lair:3       Spider (4/4) Lair:2        Slime (5/5) Lair:5
    Orc (2/2) D:12            Elf (3/3) Orc:2        Vaults (5/5) D:14
  Crypt (3/3) Vaults:2       Tomb (1/3) Crypt:3      Depths (4/4) D:15
    Zot (5/5) Depths:4    Ossuary (visited)          Bailey (visited)
Gauntlet (visited)

Altars:
Ashenzari
Cheibriados
Dithmenos
Elyvilon
Fedhas
Gozag
Hepliaklqana
Kikubaaqudgha
Makhleb
Nemelex Xobeh
Okawaru
Qazlal
Ru
Sif Muna
Trog
Uskayaw
Vehumet
Wu Jian
Xom
Yredelemnul
Zin
The Shining One
Jiyva

Shops:
D:11 (   Orc:1 !   Orc:2 [[?![   Elf:1 !=*(   Elf:2 !   Shoals:3 !   Shoals:4 [
Depths:2 =   Depths:4 :=:

Portals:
Hell: Depths:1 Depths:2 Depths:3 Depths:4
Abyss: Depths:3
Pandemonium: Depths:1 Depths:2
Ziggurat: Depths:4


Innate Abilities, Weirdness & Mutations

You have large cloven feet.
You are clumsy. (Dex -2)
Armour fits poorly on your strangely shaped body.
You are highly strong-willed. (Will++)
You are weak. (Str -2)
You have hidden genetic potential.
You expend magic power (3 MP) to strengthen your wands.
You passively dampen the noise of your surroundings.
Your health recovers twice as slowly from being drained.


Message History

Aiming: Dig
Press: ? - help, Shift-Dir - straight line A rock wall.
This square is covered in magical glow.
You feel a surge of power!
The rock shatters into small pieces.
There is a stone staircase leading up here.
You climb upwards.
There is a stone staircase leading down here.
There is a stone staircase leading up here.
You climb upwards.
There is a stone staircase leading down here.
Unknown command.
Unknown command.
Unknown command.
A demonspawn corrupter and a cacodemon come into view.
You closely miss the cacodemon.
Unknown command.
Casting: Ignition (dangerous; 2% risk of failure)
Confirm with . or Enter, or press ? or * to list all spells.
Lightning arcs from your hands!
The bolt of lightning hits the cacodemon!!!!
The cacodemon resists.
You kill the cacodemon!
Sif Muna accepts your kill. The bolt of lightning hits you. You resist.
The bolt of lightning hits the demonspawn corrupter!!!!
You kill the demonspawn corrupter!
Sif Muna accepts your kill.
Unknown command.
Unknown command.
Unknown command.
Aiming: Dig
Press: ? - help, Shift-Dir - straight line A rock wall.
This square is covered in magical glow.
You feel a surge of power!
The rock shatters into small pieces.
Unknown command.
An efreet comes into view.
It is wielding a +2 scimitar of flaming.
There is a staircase leading out of the dungeon here.
You have escaped!

#.##.......#...#.......#.####.
#.#...#######.#######....# #.
##.....# ##.......## #...## ##
#......###.........###...# #
#.#....##...........##...# ##
#.##...#.............#...#####.
#.#...##.............##........
###.#..###.............###..##...
......## #......@.R°...# ##....##
.......###.............###....###
........##.............##....##..
.........#..................#...#
.(.......##...........##...##.###
.........###.........###...##.#
.........# ##.......## #....#.#
.........#######.#######......#
.....#........#...#...........###


You could see an efreet.

Vanquished Creatures
  the Royal Jelly (Slime:5)
  Tiamat (Zot:2)
  7 ancient liches
  4 orbs of fire
  9 dread liches
  2 juggernauts
  Boris (Crypt:1)
  Josephina (Crypt:3)
  Bai Suzhen (Shoals:4)
  Margery (Crypt:1)
  11 Killer Klowns (Zot:5)
  4 curse toes
  8 golden dragons
  The ghost of Marixus the Executioner, an adept HOFi of Beogh (Vaults:1)
  Arachne (Spider:2)
  3 bone dragons
  The ghost of FoolsGold the Spry, an adept MfIE of Qazlal (Vaults:3)
  A Hell Sentinel (Abyss:3)
  5 electric golems
  Rupert (D:15)
  13 tentacled monstrosities
  2 shard shrike skeletons (Crypt:3)
  2 titans (Vaults:5)
  11 liches
  27 Orb Guardians
  5 quicksilver dragons
  2 deep elf master archers (Elf:3)
  A searing wretch (Crypt:1)
  2 deep elf blademasters
  21 acid blobs
  A kraken (Shoals:1)
  An ancient champion (Crypt:2)
  5 death cobs
  11 sphinxes
  18 storm dragons
  The ghost of edwinsage the Green Death, an adept HuWn of Fedhas (Shoals:1)
  Aizul (Shoals:4)
  Donald (Crypt:2)
  Roxanne (Shoals:1)
  5 draconian knights
  7 tengu reavers
  12 azure jellies
  19 shadow dragons
  5 fire giants
  17 rockslimes
  10 draconian monks
  3 revenants
  9 frost giants
  An iron dragon (Depths:4)
  2 protean progenitors (Zot:3)
  6 draconian shifters
  7 emperor scorpions (Spider:4)
  7 deep elf sorcerers
  A balrug (Zot:3)
  7 draconian scorchers
  12 ghost moths
  A deep elf elementalist (Elf:3)
  An angel (Zot:3)
  5 draconian stormcallers
  27 vault wardens
  3 cacodemons
  4 orc warlords
  7 formless jellyfish
  18 ironbound preservers
  3 curse skulls
  A spriggan defender (Depths:2)
  5 draconian annihilators
  The ghost of tymior the Envoy of Void, a journeyman DsDe of Lugonu (Orc:2)
  2 ghouls (Crypt:2)
  24 stone giants
  9 quicksilver oozes
  15 very ugly things
  2 caustic shrike skeletons
  10 ironbound thunderhulks
  3 broodmothers
  A demonspawn corrupter (D:1)
  12 purple draconians
  6 deep elf demonologists
  6 deep elf annihilators
  11 dire elephants
  13 vampire knights
  15 black draconians
  A minotaur (Gauntlet)
  5 green draconians
  5 war gargoyles
  9 red draconians
  7 deep elf death magi
  10 yellow draconians
  6 white draconians
  6 spark wasps
  2 quicksilver dragon zombies
  14 merfolk impalers
  3 eidola
  4 jiangshi
  15 ettins
  A green death (Depths:2)
  2 merfolk javelineers (Shoals:4)
  3 mummy priests (Tomb:1)
  8 deep elf high priests
  Erolcha (Orc:2)
  4 fire dragons
  5 entropy weavers
  10 ice dragons
  A rakshasa (Depths:1)
  15 yaktaur captains
  2 spectral tengu (Vaults:1)
  A quicksilver dragon skeleton (Abyss:3)
  14 great orbs of eyes
  14 ironbound frosthearts
  47 vault guards
  A fenstrider witch zombie (Crypt:2)
  2 catoblepae
  6 hydras
  A peacekeeper (Vaults:4)
  A spectral shadow dragon (Vaults:1)
  A hell beast (Depths:2)
  7 ghost crabs (Crypt:3)
  Erica (Lair:2)
  2 jorogumos (Spider:4)
  6 ogre magi
  3 alligator snapping turtles
  6 centaur warriors
  6 spriggan air magi
  A spectral frost giant (Vaults:1)
  5 death yaks (Lair:4)
  24 dancing weapons
  17 two-headed ogres
  2 spriggan skeletons
  4 death knights
  11 boulder beetles
  3 merfolk aquamancers
  2 merfolk avatars (Shoals:3)
  3 satyrs
  5 tengu warriors
  6 deep troll shamans
  4 occultists
  A sphinx skeleton (Vaults:4)
  3 vampire magi
  2 hell hogs
  7 demonic crawlers
  11 deep troll earth magi
  A quicksilver ooze zombie (Crypt:1)
  5 thrashing horrors
  17 deep elf knights
  An orc high priest (Orc:2)
  A soul eater (Depths:1)
  5 spriggan berserkers
  6 iron trolls
  2 sun demons
  4 wretched stars
  A salamander mystic (Depths:3)
  4 hell knights
  4 skysharks
  2 titan skeletons (Crypt:3)
  A skyshark (shapeshifter) (Vaults:4)
  32 skeletal warriors
  4 pharaoh ants
  11 sea snakes
  A shadow wraith (Crypt:2)
  2 sixfirhies
  A spectral human (Vaults:1)
  A glowing orange brain (Abyss:2)
  75 deep trolls
  5 flayed ghosts
  2 spark wasp zombies
  An orb spider (shapeshifter) (Depths:4)
  Pikel (D:8)
  23 ironbound convokers
  2 arcanists
  A spriggan simulacrum (Crypt:2)
  13 orb spiders
  A bog body (Crypt:2)
  9 phantasmal warriors
  A swamp dragon (Lair:5)
  2 sun moths
  9 lindwurms
  10 orc knights
  18 starcursed masses
  16 harpies
  An anaconda skeleton (Crypt:3)
  14 deep elf archers
  An eye of devastation (shapeshifter) (Vaults:5)
  5 steelbarb worms
  11 necromancers
  17 wolf spiders
  9 shining eyes
  2 frost giant zombies (Depths:3)
  2 stone giant zombies (Crypt:3)
  4 orc sorcerers
  20 deep elf zephyrmancers
  7 salamanders
  An iron dragon zombie (Crypt:3)
  A spectral deep troll (Vaults:1)
  A faun (shapeshifter) (Vaults:5)
  26 ugly things
  28 deep elf pyromancers
  4 cyclopes
  A shining eye (shapeshifter) (Vaults:5)
  14 fauns
  2 draconians (Abyss:3)
  12 manticores
  9 merfolk sirens
  A moth of wrath (shapeshifter) (Vaults:3)
  2 worldbinders
  22 moths of wrath
  A fire giant skeleton (Depths:1)
  A rust devil (Depths:1)
  3 apocalypse crabs
  An elephant (Gauntlet)
  An iron dragon skeleton (Depths:1)
  3 black mambas (Lair:5)
  A stone giant skeleton (Depths:1)
  4 eyes of devastation
  A water nymph (shapeshifter) (Vaults:5)
  A dire elephant zombie (Crypt:2)
  A kobold blastminer (Orc:1)
  4 gargoyles (Crypt:3)
  An elephant slug zombie (Crypt:2)
  4 molten gargoyles (D:13)
  A shock serpent skeleton (Crypt:1)
  A centaur zombie (Crypt:3)
  4 water nymphs
  6 torpor snails
  21 vault sentinels
  9 large abominations
  3 orange demons
  A smoke demon (Depths:2)
  A centaur skeleton (Crypt:2)
  13 cane toads
  3 rime drakes
  An unseen horror (D:11)
  A naga skeleton (Crypt:3)
  A kobold demonologist (D:13)
  7 komodo dragons
  A hellion (Depths:1)
  4 spriggan zombies
  Psyche (D:10)
  29 yaktaurs
  4 freezing wraiths
  5 tengu conjurers
  2 ancient zymes
  4 guardian mummies (Tomb:1)
  2 queen bees (shapeshifter)
  2 human skeletons (Vaults:4)
  A wind drake (Shoals:4)
  28 merfolk
  A tengu simulacrum (Vaults:1)
  6 trolls
  9 hornets
  A green draconian skeleton (Crypt:2)
  2 queen bees
  5 hellwings
  A hydra skeleton (Crypt:3)
  29 tarantellas
  11 polar bears
  19 raiju
  A fire giant simulacrum (Vaults:1)
  5 glass eyes
  A harpy skeleton (Crypt:3)
  A sun moth zombie (Crypt:1)
  2 death drake skeletons (Crypt:1)
  Prince Ribbit (Lair:1)
  9 snapping turtles
  14 dream sheep
  34 blink frogs
  2 ettin zombies
  A stone giant simulacrum (Vaults:1)
  2 human simulacra
  22 jumping spiders
  2 iron dragon simulacra
  2 ettin skeletons (Crypt:3)
  3 air elementals
  6 spriggans
  25 culicivoras
  140 slime creatures
  2 fire dragon skeletons (Crypt:3)
  3 vampires
  3 ushabtiu (Tomb:1)
  A dire elephant simulacrum (Crypt:3)
  14 water elementals
  9 wraiths
  5 shadows
  6 fire elementals
  9 small abominations
  5 wyverns
  A ynoxinul (Abyss:3)
  61 yaks
  10 golden eyes
  7 basilisks
  61 redbacks
  A yaktaur simulacrum (Vaults:1)
  5 steam dragons
  A catoblepas simulacrum (Crypt:3)
  9 wargs
  A two-headed ogre zombie (Crypt:1)
  7 vampire mosquitoes
  4 chaos spawn
  A deep troll zombie (Crypt:2)
  5 acid dragons
  An entropy weaver zombie (Crypt:1)
  11 water moccasins
  2 swamp drakes (Lair:5)
  8 hydra simulacra (Depths:2)
  19 hell hounds
  An ettin simulacrum (Crypt:3)
  3 ice beasts
  41 orc warriors
  11 black bears (Lair:5)
  24 laughing skulls
  30 ogres
  3 lemures (D:8)
  42 wolves
  6 centaurs
  A phantom (D:5)
  3 kobold brigands
  4 weeping skulls
  14 bullfrogs
  2 gnoll sergeants
  A salamander zombie (Crypt:2)
  4 earth elementals
  3 scorpions
  19 wights
  A water moccasin zombie (Crypt:2)
  33 killer bees
  11 electric eels
  3 howler monkeys (D:9)
  A jelly (D:5)
  16 orc priests
  A bombardier beetle (D:3)
  A gnoll bouda (D:7)
  2 hounds (D:5)
  Crazy Yiuf (D:2)
  Jessica (D:2)
  Ijyb (D:3)
  25 orc wizards
  Natasha (thrice) (D:2)
  5 iguanas
  8 hell rats
  A boggart simulacrum (D:14)
  7 mummies
  Robin (D:3)
  27 gnolls
  5 adders
  6 river rats (Lair:5)
  A shadow imp (D:4)
  3 white imps
  5 ufetubi
  2 adder zombies (Ossuary)
  3 ribbon worms
  2 dart slugs
  117 orcs
  3 ball pythons
  9 endoplasms
  2 giant cockroaches
  23 goblins
  5 hobgoblins
  3 jackals (D:1)
  22 kobolds
  3 quokkas
  7 bats
  2 frilled lizards (D:1)
  A jackal skeleton (Crypt:1)
  2 jackal zombies (Ossuary)
  2 kobold zombies
  2 orc zombies
  8 rats
  2 rat zombies
  A tentacle (Shoals:1)
2820 creatures vanquished.

Vanquished Creatures (collateral kills)
  15 foxfires
15 creatures vanquished.

Vanquished Creatures (others)
  A draconian scorcher (Abyss:3)
  A red draconian (Zot:1)
  A water elemental (Elf:1)
  A killer bee (Lair:2)
  20 ball lightnings
  A fire vortex (Abyss:3)
  1239 foxfires
  3 starspawn tentacles (Abyss:1)
  7 tentacles (Shoals:1)
1274 creatures vanquished.

Grand Total: 4109 creatures vanquished

Notes
Turn   | Place    | Note
-------+----------+-------------------------------------------
     0 | D:1      | cdecastro the Deep Elf Fire Elementalist began the quest
                  | for the Orb.
     0 | D:1      | Reached XP level 1. HP: 10/10 MP: 6/6
   324 | D:1      | Reached XP level 2. HP: 15/15 MP: 2/8
  1004 | D:2      | Noticed Natasha
  1009 | D:2      | Killed Natasha
  1010 | D:2      | Reached skill level 5 in Fire Magic
  1010 | D:2      | Reached XP level 3. HP: 9/19 MP: 5/9
  1046 | D:1      | Learned a level 2 spell: Scorch
  1055 | D:1      | Learned a level 3 spell: Inner Flame
  1119 | D:2      | Noticed Jessica
  1127 | D:2      | Killed Jessica
  1128 | D:2      | Reached XP level 4. HP: 24/24 MP: 5/10
  1686 | D:2      | Noticed Natasha
  1698 | D:2      | Killed Natasha
  1916 | D:2      | Noticed Natasha
  1922 | D:2      | Killed Natasha
  1923 | D:2      | Reached XP level 5. HP: 28/28 MP: 6/11
  2045 | D:2      | Found a runed translucent door.
  2046 | D:2      | Noticed Crazy Yiuf
  2247 | D:3      | Noticed Ijyb
  2259 | D:3      | Killed Ijyb
  2546 | D:3      | Noticed Robin
  2820 | D:3      | Found a snail-covered altar of Cheibriados.
  2901 | D:3      | Killed Robin
  3181 | D:4      | Reached XP level 6. HP: 32/32 MP: 8/12
  3828 | D:4      | Reached skill level 4 in Spellcasting
  3960 | D:4      | Reached skill level 5 in Spellcasting
  3960 | D:4      | Reached XP level 7. HP: 36/36 MP: 11/16
  4231 | D:4      | Found a basalt altar of Yredelemnul.
  4250 | D:4      | Reached skill level 6 in Spellcasting
  4334 | D:5      | Entered Level 5 of the Dungeon
  4600 | D:5      | Reached skill level 7 in Spellcasting
  5000 | D:5      | Reached skill level 8 in Spellcasting
  5265 | D:6      | Reached skill level 9 in Spellcasting
  5265 | D:6      | Reached XP level 8. HP: 41/41 MP: 16/23
  5390 | D:6      | Found a sand-covered staircase.
  5414 | Ossuary  | Entered an ossuary
  5570 | D:6      | Found a staircase to the Ecumenical Temple.
  5635 | Temple   | Entered the Ecumenical Temple
  5645 | Temple   | Became a worshipper of Sif Muna the Loreminder
  5671 | D:6      | Reached skill level 10 in Spellcasting
  5717 | D:6      | Learned a level 3 spell: Volatile Blastmotes
  5722 | D:6      | Learned a level 4 spell: Flame Wave
  6017 | D:6      | Reached skill level 5 in Conjurations
  6786 | D:7      | Reached * piety under Sif Muna
  6787 | D:7      | Reached XP level 9. HP: 38/45 MP: 22/25
  8085 | D:8      | Found a flagged portal.
  8098 | Bailey   | Entered a bailey
  8551 | Bailey   | Noticed an orc knight
  8555 | Bailey   | Killed an orc knight
  8556 | Bailey   | Reached skill level 10 in Conjurations
  8561 | Bailey   | Reached ** piety under Sif Muna
  8749 | Bailey   | Identified 3 scrolls of acquirement
  8749 | Bailey   | Acquired the amulet "Oquratun" {rPois rF+ Regen+ Dex-5}
  8817 | D:8      | Noticed Pikel
  8837 | D:8      | Killed Pikel
  8913 | D:8      | Got the Thoughts on Anemomancy
  8921 | D:8      | Reached XP level 10. HP: 39/57 MP: 21/26
  9076 | D:8      | Reached skill level 5 in Fighting
  9216 | D:8      | Reached skill level 1 in Invocations
  9419 | D:8      | Found a sparkling altar of Nemelex Xobeh.
  9694 | D:8      | Found a staircase to the Lair.
 10296 | D:9      | Reached skill level 5 in Invocations
 10404 | D:9      | Reached *** piety under Sif Muna
 10644 | D:9      | Reached skill level 5 in Dodging
 11188 | D:10     | Entered Level 10 of the Dungeon
 11562 | D:10     | Found a portal to a secret trove of treasure.
 11567 | Trove    | Entered a treasure trove
 11582 | Trove    | Got Sif Muna's Catalogue of Calorific Misfortune
 11611 | Trove    | Identified the amulet of Halontaz {Reflect Dex+4 SH+5}
 11668 | Trove    | Learned a level 4 spell: Sticky Flame
 11674 | Trove    | Learned a level 5 spell: Fireball
 11681 | Trove    | Learned a level 6 spell: Starburst
 11926 | D:10     | Reached XP level 11. HP: 55/63 MP: 7/27
 12468 | D:10     | Found a glowing golden altar of the Shining One.
 12468 | D:10     | Found a radiant altar of Vehumet.
 12469 | D:10     | Found a shadowy altar of Dithmenos.
 12570 | D:10     | Noticed Psyche
 12591 | D:10     | Killed Psyche
 12592 | D:10     | Reached skill level 10 in Dodging
 13153 | D:11     | Noticed a boulder beetle
 13170 | D:11     | Killed a boulder beetle
 13310 | D:11     | Noticed a two-headed ogre
 13634 | D:11     | Reached skill level 10 in Fire Magic
 13904 | D:11     | Killed a two-headed ogre
 14004 | D:11     | Found Fohus's Weapon Emporium.
 14319 | D:11     | Found a glowing silver altar of Zin.
 14960 | D:12     | Noticed a purple ugly thing
 14973 | D:12     | Noticed a red ugly thing
 15157 | D:12     | Noticed an orc knight
 15167 | D:12     | Killed an orc knight
 15215 | D:11     | Killed a purple ugly thing
 15388 | D:12     | Noticed a two-headed ogre
 15392 | D:12     | Killed a two-headed ogre
 15603 | D:12     | Found a staircase to the Orcish Mines.
 16120 | D:13     | Reached XP level 12. HP: 68/68 MP: 28/28
 16394 | Lair:1   | Entered Level 1 of the Lair of Beasts
 16754 | Lair:1   | Noticed Prince Ribbit
 16779 | Lair:1   | Killed Prince Ribbit
 16780 | Lair:1   | Reached skill level 11 in Spellcasting
 17090 | Lair:1   | Reached skill level 12 in Spellcasting
 17445 | Lair:1   | Reached skill level 13 in Spellcasting
 17603 | Lair:2   | Noticed Erica
 17949 | Lair:2   | Killed Erica
 17965 | Lair:2   | Reached skill level 14 in Spellcasting
 18674 | Lair:2   | Reached skill level 15 in Spellcasting
 18712 | Lair:2   | Reached **** piety under Sif Muna
 19098 | Lair:1   | Reached XP level 13. HP: 72/72 MP: 34/34
 19521 | Lair:2   | Found a hole to the Spider Nest.
 20259 | Lair:3   | Found a staircase to the Shoals.
 20605 | Lair:3   | Reached ***** piety under Sif Muna
 22120 | Lair:4   | Received a gift from Sif Muna
 22163 | Lair:4   | Got Sif Muna's Lectures on the Ashen Squall {god gift}
 23357 | Lair:5   | Entered Level 5 of the Lair of Beasts
 23357 | Lair:5   | Found a gate leading to a gauntlet.
 23408 | Gauntlet | Entered a Gauntlet
 23408 | Gauntlet | Found a transporter.
 23408 | Gauntlet | Found a transporter.
 23421 | Gauntlet | Found a transporter.
 23422 | Gauntlet | Found a transporter.
 23429 | Gauntlet | Found a transporter.
 23432 | Gauntlet | Found a transporter.
 23439 | Gauntlet | Found the ring of the Hare {EV+10}
 23440 | Gauntlet | Found a transporter.
 23458 | Gauntlet | Found a transporter.
 23476 | Gauntlet | Found a transporter.
 23479 | Gauntlet | Found a transporter.
 23489 | Gauntlet | Found a transporter.
 23502 | Gauntlet | Found a transporter.
 23525 | Gauntlet | Found a runed translucent door.
 23642 | Gauntlet | Identified the +0 ring mail of Weightlessness {rF+}
 23889 | Gauntlet | Identified the +8 triple crossbow "Arbiter" {drain, rElec
                  | rPois}
 23889 | Gauntlet | Noticed a minotaur
 23899 | Gauntlet | Killed a minotaur
 23900 | Gauntlet | Reached XP level 14. HP: 78/78 MP: 27/35
 23909 | Gauntlet | Identified the +3 morningstar of Execution {freeze, rC-
                  | Will++}
 24024 | Lair:5   | Learned a level 5 spell: Arcjolt
 24031 | Lair:5   | Learned a level 6 spell: Plasma Beam
 25143 | D:14     | Reached skill level 10 in Invocations
 25147 | D:13     | Reached skill level 1 in Air Magic
 25391 | D:14     | Identified the +5 chain mail of the Sturgeon {MP+9 Str+6
                  | Dex+3}
 25781 | D:14     | Reached skill level 5 in Air Magic
 26228 | D:14     | Found a gate to the Vaults.
 26231 | D:14     | Received a gift from Sif Muna
 26359 | D:14     | Got Sif Muna's Quarto of Haze {god gift}
 26749 | D:15     | Entered Level 15 of the Dungeon
 27060 | D:15     | Noticed Rupert
 27446 | D:15     | Killed Rupert
 27990 | D:15     | Reached skill level 10 in Air Magic
 28251 | D:15     | Found a staircase to the Depths.
 28828 | D:15     | Reached XP level 15. HP: 82/82 MP: 23/36
 31122 | Lair:5   | Received a gift from Sif Muna
 31125 | Lair:5   | Got Sif Muna's Exposition on Star-crossed Terra Firma {god
                  | gift}
 31441 | Lair:5   | Learned a level 4 spell: Airstrike
 31559 | Lair:5   | Found a viscous altar of Jiyva.
 31560 | Lair:5   | Found a staircase to the Slime Pits.
 32928 | Lair:5   | Identified the +10 spear "Yfriw" {freeze, Fly Dex+3}
 33637 | D:2      | Killed Crazy Yiuf
 34224 | Shoals:1 | Entered Level 1 of the Shoals
 34832 | Shoals:1 | Reached skill level 16 in Spellcasting
 35107 | Shoals:1 | Noticed Roxanne
 35546 | Shoals:1 | Received a gift from Sif Muna
 35552 | Shoals:1 | Got Sif Muna's Essays on Transfiguration and Percussion
                  | {god gift}
 35554 | Shoals:1 | Reached skill level 17 in Spellcasting
 35639 | Shoals:1 | Noticed a kraken
 36108 | Shoals:1 | Killed a kraken
 36264 | Shoals:1 | Reached XP level 16. HP: 87/87 MP: 27/39
 36487 | Shoals:1 | Identified the ring of Romoinwabb {Fire rElec rPois rCorr}
 36709 | Shoals:1 | Noticed a tentacled monstrosity
 36723 | Shoals:1 | Killed a tentacled monstrosity
 36839 | Shoals:1 | Reached skill level 18 in Spellcasting
 37102 | Shoals:1 | Found a runed translucent door.
 37107 | Shoals:1 | Noticed edwinsage's ghost (adept HuWn)
 37794 | Shoals:2 | Identified the +2 animal skin "Zosi" {Dex+4}
 38337 | Shoals:2 | Reached skill level 19 in Spellcasting
 39375 | Shoals:3 | Identified the +10 war axe of Defiance {freeze, *Noise
                  | Int+5 Stlth+}
 39457 | Shoals:3 | Reached skill level 20 in Spellcasting
 39837 | Shoals:3 | Found Vidghab's Distillery.
 40195 | Shoals:3 | Bought a potion of berserk rage for 70 gold pieces
 40195 | Shoals:3 | Bought a potion of lignification for 42 gold pieces
 40195 | Shoals:3 | Bought a potion of resistance for 140 gold pieces
 40195 | Shoals:3 | Bought a potion of resistance for 140 gold pieces
 40195 | Shoals:3 | Bought a potion of mutation for 112 gold pieces
 40492 | Shoals:4 | Entered Level 4 of the Shoals
 40703 | Shoals:4 | Noticed Bai Suzhen
 40717 | Shoals:4 | Killed Bai Suzhen
 41270 | Shoals:3 | Learned a level 6 spell: Conjure Ball Lightning
 41326 | Shoals:4 | Received a gift from Sif Muna
 41649 | Shoals:4 | Got Sif Muna's Parchment of Kinetic Movement {god gift}
 41686 | Shoals:4 | Identified the serpent talisman of the Curupira {Dex+3}
 41686 | Shoals:4 | Noticed Aizul
 42041 | Shoals:4 | Identified the +9 scimitar of the Warrior-Mage {freeze, Fly
                  | Str+4 Dex+2}
 42543 | Shoals:4 | Killed Aizul
 42699 | Shoals:4 | Reached XP level 17. HP: 92/92 MP: 21/43
 42849 | Shoals:4 | Reached XP level 18. HP: 96/96 MP: 44/44
 43105 | Shoals:4 | Got a barnacled rune of Zot
 43264 | Shoals:4 | Identified the +1 scale mail of Slovenliness {rN+ Int+2}
 43492 | Shoals:4 | Found Leuv's Armour Boutique.
 43500 | Shoals:4 | Bought a +1 pair of gloves for 161 gold pieces
 44542 | Shoals:4 | Bought the +3 troll leather armour of a Thousand Wars
                  | {Regen+ Str+5} for 665 gold pieces
 44955 | D:15     | Learned a level 8 spell: Ignition
 45244 | Spider:1 | Entered Level 1 of the Spider Nest
 46314 | Orc:1    | Entered Level 1 of the Orcish Mines
 46621 | Orc:1    | Found Ymuust's Distillery.
 46626 | Orc:1    | Bought a potion of enlightenment for 65 gold pieces
 46870 | Orc:1    | Received a gift from Sif Muna
 46911 | Orc:1    | Got Sif Muna's Information on Charred Concussion {god gift}
 46984 | Orc:2    | Entered Level 2 of the Orcish Mines
 46984 | Orc:2    | Found Zeofiug's Armour Emporium.
 46984 | Orc:2    | Found a staircase to the Elven Halls.
 47110 | Orc:2    | Found a transporter.
 47114 | Orc:2    | Noticed tymior's ghost (journeyman DsDe)
 47407 | Orc:2    | Found a transporter.
 47928 | Orc:2    | Received a gift from Sif Muna
 47929 | Orc:2    | Got Sif Muna's Discourse on Enchantment and Creation {god
                  | gift}
 47944 | Orc:2    | Found Hyulig's Magic Scroll Shoppe.
 47946 | Orc:2    | Found Vigh's Antique Armour Boutique.
 47946 | Orc:2    | Found Eguhukha's Distillery.
 47946 | Orc:2    | Found Yquf's Armour Shop.
 48175 | Orc:2    | Bought a potion of brilliance for 48 gold pieces
 48177 | Orc:2    | Bought a scroll of fear for 48 gold pieces
 48177 | Orc:2    | Bought a scroll of revelation for 90 gold pieces
 48301 | Orc:2    | Noticed Erolcha
 48306 | Abyss:1  | Found a corrupted altar of Lugonu.
 48306 | Abyss:1  | Cast into level 1 of the Abyss (Erolcha)
 48375 | Abyss:1  | Found a corrupted altar of Lugonu.
 48408 | Abyss:1  | Found a corrupted altar of Lugonu.
 48424 | Abyss:1  | Noticed a profane servitor
 48433 | Abyss:1  | Found a corrupted altar of Lugonu.
 48683 | Abyss:1  | Found a corrupted altar of Lugonu.
 48945 | Abyss:2  | Found a corrupted altar of Lugonu.
 49000 | Abyss:2  | Reached skill level 10 in Fighting
 49021 | Orc:2    | Escaped the Abyss
 49023 | Orc:2    | Killed Erolcha
 49536 | Orc:2    | Bought an orb of light for 240 gold pieces
 49559 | Orc:2    | Bought a +0 helmet of intelligence for 172 gold pieces
 49584 | Orc:2    | Bought the +3 pair of mountain boots {steadfast, rC+} for
                  | 904 gold pieces
 49584 | Orc:2    | Found the +3 pair of mountain boots {steadfast, rC+}
 49584 | Orc:2    | Bought a pair of embroidered boots for 202 gold pieces
 49789 | D:15     | Acquired a +0 hat of see invisible
 50168 | Spider:1 | Reached skill level 1 in Evocations
 51400 | Spider:2 | Noticed Arachne
 51403 | Spider:2 | Killed Arachne
 51648 | Spider:1 | Received a gift from Sif Muna
 51649 | Spider:1 | Reached skill level 5 in Evocations
 52945 | Spider:2 | Identified the +6 war axe of the Grinning Pill Bug {vamp,
                  | Int+4}
 53457 | Spider:3 | Reached XP level 19. HP: 112/112 MP: 20/45
 53700 | Spider:3 | Received a gift from Sif Muna
 53707 | Spider:3 | Got Sif Muna's Catalogue of Assembled Hail {god gift}
 54813 | Spider:4 | Entered Level 4 of the Spider Nest
 56130 | Spider:4 | Reached skill level 15 in Dodging
 56259 | Spider:4 | Received a gift from Sif Muna
 56264 | Spider:4 | Got Sif Muna's Secrets of the Volley {god gift}
 56986 | Spider:4 | Reached skill level 15 in Fire Magic
 57910 | Spider:4 | Got a gossamer rune of Zot
 57926 | Spider:4 | Reached XP level 20. HP: 117/117 MP: 46/46
 58501 | Elf:1    | Entered Level 1 of the Elven Halls
 58906 | Elf:1    | Found Yllisu's Distillery.
 59716 | Elf:1    | Found Alechemu's Assorted Antiques.
 59716 | Elf:1    | Found Ajeir's Jewellery Boutique.
 59854 | Elf:1    | Bought a ring of see invisible for 270 gold pieces
 59875 | Elf:1    | Bought a small garnet ring for 145 gold pieces
 59904 | Elf:1    | Found Jecouceh's Weapon Shoppe.
 60542 | Elf:1    | Received a gift from Sif Muna
 60545 | Elf:1    | Got Ivoenter's Spellbook of Aerial Places {god gift}
 61678 | Abyss:2  | Cast into level 2 of the Abyss (+1 halberd of distortion)
 61739 | Abyss:2  | Noticed a dread lich
 61752 | Abyss:2  | Found a corrupted altar of Lugonu.
 61762 | Elf:2    | Escaped the Abyss
 62197 | Elf:2    | Found a runed translucent gate.
 62197 | Elf:2    | Found a runed translucent gate.
 62197 | Elf:2    | Found a runed translucent gate.
 62272 | Elf:2    | Found Vumila's Distillery.
 62622 | Elf:2    | Reached XP level 21. HP: 122/122 MP: 38/47
 63662 | Elf:2    | Identified the blade talisman "Inatuat" {rC+ Str+4 Dex-5}
 63808 | Elf:3    | Entered Level 3 of the Elven Halls
 64960 | Elf:3    | Reached skill level 15 in Air Magic
 65509 | Elf:3    | Found the ring of the Octopus King {rF+ HP+2 AC+2 EV+2
                  | SH+2}
 65519 | Elf:3    | Identified the +7 great sword "Heiqatwino" {speed, +Blink
                  | Int+2}
 65604 | Elf:3    | Identified the +0 robe of the Wumpus {rC+ Regen+ SInv} (You
                  | took it off a deep elf pyromancer on level 3 of the Elven
                  | Halls)
 65780 | Elf:3    | Identified the +4 plate armour of Spring Thaw {Will+ Dex+4}
 65828 | Elf:3    | Received a gift from Sif Muna
 65829 | Elf:3    | Got Sif Muna's Vellum of Macabre Cold {god gift}
 65898 | Elf:3    | Identified the +7 falchion "Zatojor" {holy, rElec rPois
                  | rF+}
 66180 | Elf:3    | Identified the +0 fire dragon scales of Etsurch {rPois rF++
                  | rC- Slay+5}
 66193 | Elf:3    | Got the Octavo of the Zebra
 66233 | Elf:3    | Identified the +6 shortbow of Prudence {heavy, *Corrode
                  | rElec rN+ Int+4}
 66576 | Depths:1 | Entered Level 1 of the Depths
 66576 | Depths:1 | Found a gateway to Hell.
 69198 | Depths:1 | Found a one-way gate leading to the halls of Pandemonium.
 70641 | Depths:2 | Received a gift from Sif Muna
 70644 | Depths:2 | Got Sif Muna's Elucidation of Relocation and Fog {god gift}
 70737 | Depths:2 | Reached XP level 22. HP: 127/127 MP: 35/48
 72121 | Depths:2 | Reached skill level 21 in Spellcasting
 72323 | Depths:2 | Found Bifrevaw's Jewellery Shoppe.
 72548 | Depths:2 | Noticed a juggernaut
 72620 | Depths:2 | Killed a juggernaut
 73187 | Depths:2 | Identified the +4 orcbow of the Grave {heavy, Int+2 Dex+4}
 73412 | Depths:2 | Reached skill level 22 in Spellcasting
 74181 | Depths:3 | Identified the +4 sling of an ice cave {speed, rF- Int-4
                  | Dex+5 SInv}
 74197 | Depths:3 | Found a one-way gate to the infinite horrors of the Abyss.
 74283 | Depths:3 | Noticed a juggernaut
 74288 | Depths:3 | Killed a juggernaut
 74719 | Depths:3 | Noticed a golden dragon
 74784 | Depths:2 | Learned a level 8 spell: Maxwell's Capacitive Coupling
 74789 | Depths:3 | Reached skill level 23 in Spellcasting
 74842 | D:15     | Learned a level 5 spell: Freezing Cloud
 74904 | Depths:3 | Received a gift from Sif Muna
 75227 | Depths:3 | Paralysed by a vampire knight for 4 turns
 75436 | Depths:2 | Killed a golden dragon
 75601 | Depths:3 | Reached skill level 15 in Conjurations
 76136 | Depths:4 | Entered Level 4 of the Depths
 77059 | Depths:4 | Found a gate to the Realm of Zot.
 77128 | Depths:4 | Reached ****** piety under Sif Muna
 77281 | Depths:4 | Found Mante's Book Boutique.
 77281 | Depths:4 | Found Xilid's Jewellery Emporium.
 77282 | Depths:4 | Found Piojy's Book Boutique.
 77361 | Depths:4 | Received a gift from Sif Muna
 77364 | Depths:4 | Got Sif Muna's Compilation of Quantum Bedrock {god gift}
 77397 | Depths:4 | Found a one-way gateway to a ziggurat.
 77956 | Orc:2    | Reached XP level 23. HP: 132/132 MP: 43/52
 77960 | Orc:2    | Killed tymior's ghost
 78234 | Shoals:1 | Killed edwinsage's ghost
 78242 | Shoals:1 | Identified the +1 robe "Gyllei" {rN+++}
 78296 | Shoals:1 | Killed Roxanne
 78539 | Vaults:1 | Entered Level 1 of the Vaults
 78947 | Vaults:1 | Found a runed translucent gate.
 78947 | Vaults:1 | Found a runed translucent gate.
 78947 | Vaults:1 | Found a runed translucent gate.
 78949 | Vaults:1 | Noticed Marixus's ghost (adept HOFi)
 81281 | Vaults:2 | Found a staircase to the Crypt.
 81689 | Vaults:2 | Found the +3 pair of gauntlets of War {Slay+5}
 82151 | Vaults:2 | Received a gift from Sif Muna
 83328 | Crypt:1  | Entered Level 1 of the Crypt
 84332 | Vaults:3 | Received a gift from Sif Muna
 84335 | Vaults:3 | Got Sif Muna's Almanac of the White Inferno {god gift}
 84808 | Vaults:3 | Found a runed translucent door.
 84813 | Vaults:3 | Noticed FoolsGold's ghost (adept MfIE)
 85822 | Vaults:3 | Reached XP level 24. HP: 147/147 MP: 40/52
 86000 | Vaults:3 | Identified the +2 leather armour "Ymoirgh" {Rampage Int+3
                  | Dex-2}
 86220 | Vaults:3 | Killed FoolsGold's ghost
 86970 | Vaults:4 | Received a gift from Sif Muna
 86971 | Vaults:4 | Got Sif Muna's Arcane Secrets of Magic {god gift}
 87844 | Vaults:4 | Reached skill level 15 in Fighting
 88681 | Vaults:4 | Received a gift from Sif Muna
 89208 | Vaults:4 | Identified the +2 leather armour of the End {rElec Int-4
                  | Dex+2}
 89832 | Vaults:5 | Entered Level 5 of the Vaults
 89832 | Vaults:5 | Noticed an ancient lich
 90349 | Vaults:5 | Received a gift from Sif Muna
 90408 | Vaults:5 | Got Dispater's Book of the Lithic Volley {god gift}
 90806 | Vaults:5 | Identified the +1 war axe "Vuuh" {venom, +Blink Dex-3 SInv}
 90988 | Vaults:5 | Killed an ancient lich
 91914 | Vaults:5 | Reached XP level 25. HP: 129/155 MP: 50/52
 91946 | Vaults:5 | Identified the +8 scale mail of Adduhiot {rElec rF+ Stlth+}
 92997 | Vaults:5 | Reached skill level 10 in Evocations
 93321 | Vaults:5 | Got a silver rune of Zot
 94016 | Vaults:1 | Received a gift from Sif Muna
 94155 | Vaults:1 | Killed Marixus's ghost
 94211 | Vaults:1 | Got Sif Muna's Compendium of the Commander and Enchantment
                  | {god gift}
 94218 | Vaults:1 | Identified the ring of the Magpie {rC++ Int+6}
 94769 | Crypt:1  | Noticed Boris
 94775 | Crypt:1  | Killed Boris
 95570 | Crypt:1  | Noticed Margery
 95574 | Crypt:1  | Killed Margery
 95599 | Crypt:1  | Reached skill level 1 in Staves
 96328 | Crypt:2  | Noticed Donald
 96730 | Crypt:2  | Reached skill level 5 in Staves
 96970 | Crypt:2  | Identified the +0 scale mail "Yggazui" {rElec Int+4}
 97493 | Crypt:2  | Killed Donald
 97498 | Crypt:2  | Received a gift from Sif Muna
 97731 | Crypt:3  | Entered Level 3 of the Crypt
 98776 | Crypt:3  | Identified the staff "Dragon's Tongue" {rC+ rN+ Int+2 Dex+7
                  | Necro}
 98776 | Crypt:3  | Identified the ring "Upneveha" {Ice Fly Stlth+}
 98776 | Crypt:3  | Identified the death talisman of the Kangaroo {+Blink rElec
                  | rC+ Dex-5}
 98776 | Crypt:3  | Noticed Josephina
 98781 | Crypt:3  | Killed Josephina
 99595 | Crypt:3  | Identified the death talisman "Jeoso" {Int+2 Dex-2 Stlth+}
 99690 | Crypt:3  | Received a gift from Sif Muna
101853 | Crypt:3  | Found a staircase to the Tomb.
101853 | Crypt:3  | Noticed an ancient lich
102082 | Crypt:3  | Noticed a dread lich
102085 | Crypt:3  | Killed an ancient lich
102092 | Crypt:3  | Killed a dread lich
102133 | Crypt:3  | Found the +5 demon whip "Spellbinder" {antimagic, disrupt,
                  | Will+}
102143 | Crypt:3  | Identified the +6 hand axe "Killer Bee's Death" {protect,
                  | rPois}
102721 | Zot:1    | Entered Level 1 of the Realm of Zot
102825 | Zot:1    | Reached XP level 26. HP: 121/160 MP: 45/52
103481 | Zot:1    | Found an iron altar of Okawaru.
104444 | Zot:2    | Received a gift from Sif Muna
104922 | Zot:2    | Found the +4 dragonskin cloak
104922 | Zot:2    | Noticed Tiamat
104926 | Zot:2    | Killed Tiamat
105413 | Zot:2    | Noticed an orb of fire
105445 | Zot:2    | Gained mutation: Potions are less effective at restoring
                  | your health. [an orb of fire]
105454 | Zot:2    | Killed an orb of fire
106060 | Zot:3    | Noticed a dread lich
106101 | Zot:2    | Killed a dread lich
107083 | Zot:3    | Noticed an ancient lich
107090 | Zot:3    | Killed an ancient lich
107211 | Zot:3    | Received a gift from Sif Muna
107214 | Zot:3    | Got Sif Muna's Octavo of Virulence and Battle Magic {god
                  | gift}
107223 | Zot:3    | Noticed a dread lich
107299 | Zot:2    | Killed a dread lich
108342 | Zot:3    | Found a glowing silver altar of Zin.
109127 | Zot:4    | Noticed a dread lich
109143 | Zot:3    | Killed a dread lich
109144 | Zot:3    | Reached XP level 27. HP: 150/165 MP: 40/52
109181 | Zot:4    | Noticed a dread lich
109188 | Zot:4    | Killed a dread lich
109206 | Zot:4    | Noticed a dread lich
109210 | Zot:4    | Killed a dread lich
109282 | Zot:4    | Noticed a dread lich
109294 | Zot:4    | Killed a dread lich
109827 | Zot:4    | Identified the +3 mace "Cuxkior" {flame, Str+4}
110125 | Zot:4    | Identified the +6 sling of Quick Absolution {freeze, rF+
                  | rCorr Int+2}
110300 | D:15     | Acquired the orb of Fresh Amelioration {light, rPois rC+
                  | rN+ Str+3}
110302 | D:15     | Acquired the ring "Egunash" {rN+ Will+ Str+4}
110304 | D:15     | Acquired 1317 gold pieces
110306 | D:15     | Acquired 830 gold pieces
110325 | D:15     | Learned a level 9 spell: Fire Storm
110595 | Slime:1  | Entered Level 1 of the Pits of Slime
110597 | Slime:1  | Gained mutation: You occasionally lose the ability to read
                  | scrolls when taking damage. [a shining eye]
111049 | Slime:2  | Gained mutation: Your magical capacity is low. (-10% MP) [a
                  | shining eye]
111500 | Slime:2  | Gained mutation: Your health recovers twice as slowly from
                  | being drained. [a shining eye]
112083 | Slime:2  | Reached skill level 24 in Spellcasting
113175 | Slime:3  | Found a viscous altar of Jiyva.
113533 | Slime:4  | Reached skill level 25 in Spellcasting
113870 | Slime:5  | Entered Level 5 of the Pits of Slime
114161 | Slime:4  | Paralysed by a formless jellyfish for 1 turns
114348 | Slime:5  | Noticed the Royal Jelly
114352 | Slime:5  | Killed the Royal Jelly
114860 | Slime:5  | Reached skill level 26 in Spellcasting
114956 | Slime:5  | Found the amulet of Vitality {RegenMP++ Regen++}
114975 | Slime:5  | Identified the ring of Hoiter {rF+ rC+ Int+2}
114984 | Slime:5  | Identified the ring of Jemomu {rPois rF++ Str-3}
115004 | Slime:5  | Identified the ring "Ivoa" {rF+ Dex+5}
115008 | Slime:5  | Identified the +3 great mace "Demonbane" {vamp, rPois rC+
                  | Int-3}
115049 | Slime:5  | Identified the +3 ring mail "Awkemik" {Regen+ MP+9 Str+4}
115068 | Slime:5  | Lost mutation: You occasionally lose the ability to read
                  | scrolls when taking damage. [potion of mutation]
115068 | Slime:5  | Lost mutation: Your magical capacity is low. (-10% MP)
                  | [potion of mutation]
115068 | Slime:5  | Gained mutation: You have large cloven feet. [potion of
                  | mutation]
115068 | Slime:5  | Gained mutation: Armour fits poorly on your strangely
                  | shaped body. [potion of mutation]
115068 | Slime:5  | Gained mutation: Your muscles are strong. (Str +4, Int/Dex
                  | -1) [potion of mutation]
115069 | Slime:5  | Lost mutation: Armour fits poorly on your strangely shaped
                  | body. [potion of mutation]
115069 | Slime:5  | Lost mutation: Potions are less effective at restoring your
                  | health. [potion of mutation]
115069 | Slime:5  | Lost mutation: Your muscles are strong. (Str +4, Int/Dex
                  | -1) [potion of mutation]
115069 | Slime:5  | Gained mutation: You are strong-willed. (Will+) [potion of
                  | mutation]
115069 | Slime:5  | Gained mutation: You are highly strong-willed. (Will++)
                  | [potion of mutation]
115069 | Slime:5  | Gained mutation: You have hidden genetic potential. [potion
                  | of mutation]
115069 | Slime:5  | Gained mutation: You expend magic power (3 MP) to
                  | strengthen your wands. [potion of mutation]
115095 | Slime:5  | Got a slimy rune of Zot
115105 | Slime:5  | Identified the ring of Hoinel {EV+5 Dex+4}
115114 | Slime:5  | Identified the +7 scimitar "Meta" {holy, rCorr Int+3}
116910 | D:15     | Learned a level 9 spell: Chain Lightning
117026 | Depths:3 | Voluntarily entered the Abyss.
117051 | Abyss:3  | Killed a dread lich
117052 | Abyss:3  | Reached skill level 1 in Armour
117223 | Abyss:3  | Found a corrupted altar of Lugonu.
117350 | Abyss:3  | Noticed an ancient lich
117363 | Abyss:3  | Killed an ancient lich
117396 | Abyss:3  | Found a transporter.
117404 | Abyss:3  | Reached skill level 5 in Armour
117436 | Abyss:3  | Found a transporter.
117441 | Abyss:3  | Got an abyssal rune of Zot
117502 | Depths:3 | Escaped the Abyss
117982 | Tomb:1   | Entered Level 1 of the Tomb of the Ancients
119040 | Zot:5    | Entered Level 5 of the Realm of Zot
119692 | Zot:5    | Noticed an orb of fire
119694 | Zot:5    | Gained mutation: You are clumsy. (Dex -2) [an orb of fire]
119728 | Zot:5    | Noticed an ancient lich
119734 | Zot:5    | Killed an ancient lich
119737 | Zot:5    | Gained mutation: You are weak. (Str -2) [an orb of fire]
119742 | Zot:5    | Killed an orb of fire
119743 | Zot:5    | Reached skill level 10 in Armour
120153 | Zot:5    | Noticed an orb of fire
120158 | Zot:5    | Killed an orb of fire
120165 | Zot:5    | Noticed an orb of fire
120204 | Zot:5    | Gained mutation: Armour fits poorly on your strangely
                  | shaped body. [an orb of fire]
120209 | Zot:4    | Killed an orb of fire
120381 | Zot:5    | Noticed an ancient lich
120385 | Zot:5    | Noticed a dread lich
120388 | Zot:5    | Killed an ancient lich
120398 | Zot:5    | Killed a dread lich
120475 | Zot:5    | Noticed an ancient lich
120481 | Zot:5    | Killed an ancient lich
120494 | Zot:5    | Gained mutation: You passively dampen the noise of your
                  | surroundings. [hidden potential]
121783 | Tomb:1   | Noticed a royal mummy
121788 | Tomb:1   | Noticed a royal mummy
121788 | Tomb:1   | Noticed a royal mummy
121788 | Tomb:1   | Noticed a royal mummy
121789 | Tomb:1   | Noticed a royal mummy
121789 | Tomb:1   | Noticed a royal mummy
121789 | Tomb:1   | Noticed a royal mummy
122490 | Zot:5    | Got the Orb of Zot
122757 | D:15     | Noticed Eghaam the pandemonium lord
123081 | D:4      | Noticed Hieskot the pandemonium lord
123152 | D:$      | Escaped with the Orb!

Illustrated notes

Levels and vault maps discovered:
D:1:      psy_arrival_dodecagon, layout_rooms, chequers_serial_rivers_large_b,
          kennysheep_minor_cross, minivault_14
D:2:      layout_rooms, uniq_natasha, uniq_jessica, uniq_crazy_yiuf_cottage
D:3:      layout_basic, slow_altar_2, uniq_robin, uniq_ijyb
D:4:      layout_basic, overflow_temple_1_default
D:5:      layout_loops_ring, chequers_arboretum, chequers_jeans,
          kennysheep_generic_room_4
D:6:      layout_cave_pools, minmay_temple_entry_slanted,
          nicolae_ossuary_entry_giza, nicolae_figureground_pulse
D:7:      layout_basic, serial_bayou_ford_a
D:8:      layout_basic, nemelex_diamond_rough_becter, lair_entry_dummy,
          serial_bayou, serial_bayou_shore_a, serial_bayou_lagoon_a,
          serial_bayou_crossing, serial_bayou_lagoon_b, serial_bayou_pond_b,
          enter_bailey_3, uniq_pikel
D:9:      layout_cave_pools, nicolae_zen_rock_garden
D:10:     layout_gridville, chequers_temple_overflow_statue_of_worship,
          enter_trove_1, kennysheep_windowed_goal, uniq_psyche
D:11:     layout_layer_cave, serial_shops, nicolae_shop_tiny_real_fake_doors,
          zin_treasury
D:12:     layout_gridville, david_orc_5
D:13:     layout_roguey, grunt_decor_cap, minivault_8
D:14:     layout_rooms, lightli_vaults_fourway_checkpoint,
          serial_library_hellmonk_room_c, serial_aquarium,
          aquarium_bridge_square [aquarium_subvault_bridge,
          aquarium_subvault_wall, aquarium_subvault_wall,
          aquarium_subvault_bridge], aquarium_window_1, aquarium_window_fake,
          aquarium_window_corner, aquarium_view_2b, aquarium_balcony_3a,
          aquarium_pool_double
D:15:     gammafunk_depths_entry_grave, layout_basic, uniq_rupert
Temple:   nicolae_temple_slightly_damp_pantheon
Lair:1:   layout_big_grid, uniq_prince_ribbit2
Lair:2:   layout_gridlike, spider_nest_entry_funnel_web, special_room
          [special_room_bee], uniq_erica
Lair:3:   layout_cave_pods, elwin_shoals_entry_stream, grunt_megastairs_5
Lair:4:   layout_layer_cave
Lair:5:   guppyfry_lair_end_dragon, layout_small_grid,
          hangedman_lair_caniforms_friends, dpeg_slime_entry_enclosed,
          gauntlet_entry_generic, st_stairs_3, kennysheep_abandoned_house
Shoals:1: dreamdust_from_the_deep, layout_shoals, ebering_ghost_reflecting_pool,
          uniq_roxanne
Shoals:2: argonaut_golden_fleece, layout_shoals, nicolae_shoals_lost_giant_baths
Shoals:3: nzn_motion_control, layout_shoals, serial_shops, nicolae_diamond_shop
Shoals:4: shoals_end_hangedman, layout_shoals, serial_shops,
          nicolae_shop_window_shopping, uniq_bai_suzhen, uniq_aizul
Spider:1: layout_chambers, nicolae_spider_webbed_stairs
Spider:2: layout_spider_delve, nicolae_spider_not_touching_you, uniq_arachne
Spider:3: layout_spider_delve
Spider:4: grunt_spider_rune_circles, hellmonk_spider_spawner
Slime:1:  layout_caves
Slime:2:  layout_caves, nicolae_slime_phagocytosis
Slime:3:  layout_caves, basic_altar
Slime:4:  layout_caves, cheibrodos_slime_lost_civilization_6
Slime:5:  slime_pit_nicolae_block_by_block
Orc:1:    layout_caves, serial_shops, nicolae_square_shop
Orc:2:    st_orc_ogre_mass, layout_caves, gammafunk_ghost_arena, serial_shops,
          shop, nicolae_orc_pool_cavern, uniq_erolcha
Elf:1:    eino_elf_arrival_the_gate, layout_gridlike, serial_shops, shop,
          nicolae_shop_rolling_square, minmay_elf_crystal_heptagon,
          minmay_shoptagon
Elf:2:    elven_hall_of_blades_hangedman_original
          [nicolae_blade_entry_hurt_lockers], layout_geoelf_grid, serial_shops,
          nicolae_shop_back_alley_shop, minivault_20
Elf:3:    elf_hall, layout_loops_ring, dreamdust_mushroom_princess,
          nicolae_concentric_dashed_squares_mild, moated_statue, minivault_20
Vaults:1: gammafunk_ghost_necromancy, hangedman_vaults_nails,
          hangedman_vaults_capsules, hangedman_vaults_slither, v_alt_pattern_1,
          nicolae_vaults_trapezoid_lopsided_3, hangedman_vaults_stitches,
          vaults_room_fours, vaults_mumra_chevron_long, hangedman_vaults_maws,
          grunt_vaults_bifocal, nicolae_vaults_double_plus_1,
          layout_vaults_omnicross
Vaults:2: nicolae_vaults_double_plus_1, nicolae_vaults_double_plus_2,
          nicolae_vaults_sightless_eye, vaults_dpeg_spiral,
          vaults_room_door_ring, grunt_vaults_hallway_short,
          nicolae_vaults_storage_room_glass, nicolae_vaults_wine_cellar,
          nicolae_vaults_more_shelving_1, hangedman_vaults_maws,
          nicolae_vaults_antechamber_and_loot_room,
          nicolae_vaults_tetromino_T_1, layout_vaults_quadrants
Vaults:3: ebering_ghost_reflecting_pool, nicolae_vaults_trapezoid_4,
          nicolae_vaults_arrows, nicolae_vaults_stepped_doors,
          hangedman_vaults_stream, nicolae_vaults_closet_pinwheel_1, v_misc_29,
          v_pattern_5, v_misc_16, nicolae_vaults_ring_of_whatevers,
          nicolae_vaults_little_squares_5, ontoclasm_vaults_decontamination,
          layout_vaults_maze_snakey
Vaults:4: nicolae_vaults_offset_grid_hallway_2, v_misc_11, v_misc_5,
          nicolae_vaults_triangles, v_misc_24, nicolae_vaults_quartermaster,
          ontoclasm_vaults_ligature, v_alt_pattern_2, v_misc_33,
          nicolae_vaults_storage_closets_2, nicolae_vaults_prndl,
          nicolae_vaults_tetromino_Z_1, layout_vaults_omnibox
Vaults:5
Crypt:1:  layout_chaotic_city, grunt_crypt_arrival_webbed, uniq_boris,
          uniq_margery
Crypt:2:  layout_misc_corridors, uniq_donald
Crypt:3:  quadcrypt_mu, uniq_josephina
Tomb:1
Depths:1: layout_gridlike, rand_demon_pan_entry_5, nrook_pool_corridor,
          hell_entry, minmay_variable_closet, st_stairs_6, evilmike_minifort
Depths:2: cheibrodos_hall_of_evolution, layout_gridlike, serial_sigils,
          serial_sigils_hangedman_gnaw, serial_sigils_hangedman_snap,
          serial_sigils_hangedman_snap, serial_sigils_hangedman_confine,
          serial_shops, nicolae_shop_real_fake_doors, grunt_pan_entry_zigzag,
          hangedman_tar_grid_catacomb, minmay_staircase_windowed_small
Depths:3: minmay_expanding_squares, layout_cave_pools, abyss_entry_crystal,
          minmay_tree_intersection, hell_entry
Depths:4: evilmike_zot_entry_diamond, layout_small_grid, enter_ziggurat_a,
          grunt_hell_entry_dis_grunt, skrybe_limestone_x, minmay_shop_grove
Zot:1:    layout_cathedral_of_symmetry, regret_index_zotdec_iron_s,
          grunt_ministairs_12
Zot:2:    layout_twisted_circle, uniq_tiamat
Zot:3:    hellmonk_crystal_mountain, layout_onion, lemuel_baited_zot_trap,
          regret_index_zotdec_twisting_globes
Zot:4:    hellmonk_paralyzer, layout_onion,
          regret_index_zotdec_abyssal_contain_seething_sorcery,
          grunt_megastairs_4
Zot:5:    layout_basic

Skill      XL: |  1  2  3  4  5  6  7  8  9 10 11 12 13 14 15 16 17 18 19 20 21 22 23 24 25 26 27 |
---------------+----------------------------------------------------------------------------------+-----
Fire Magic     | 5 6 7 8 12 14 16 18 19 20 22 24 | 24.0
Spellcasting   | 5 9 10 15 17 20 23 26 | 26.0
Conjurations   | 6 10 11 12 14 17 19 20 23 | 23.6
Fighting       | 4 5 10 13 15 | 15.0
Invocations    | 5 9 10 13 14 | 14.0
Dodging        | 8 10 12 15 20 | 20.0
Air Magic      | 10 14 18 19 22 | 22.0
Stealth        | 7 |  7.1
Evocations     | 5 7 10 | 10.0
Staves         | 9 |  9.0
Armour         | 10 | 10.0

Action                     |  1- 3 |  4- 6 |  7- 9 | 10-12 | 13-15 | 16-18 | 19-21 | 22-24 | 25-27 || total
---------------------------+-------+-------+-------+-------+-------+-------+-------+-------+-------++-------
  Melee: Whip              |     1 |       |       |       |       |       |       |       |       ||     1
         Club              |       |       |     1 |     1 |       |       |       |       |       ||     2
         Staff             |       |       |       |     1 |    20 |       |     8 |   153 |   348 ||   530
         Spear             |       |       |       |       |    28 |   160 |    83 |       |    11 ||   282
         Punch             |       |       |       |       |       |     2 |     4 |     3 |     8 ||    17
   Fire: Triple crossbow   |       |       |       |       |    76 |   100 |    16 |    17 |       ||   209
   Cast: Foxfire           |    58 |   155 |   165 |   266 |    62 |       |       |       |     1 ||   707
         Scorch            |       |    17 |    92 |   176 |    84 |     1 |       |       |       ||   370
         Inner Flame       |       |       |     7 |    15 |     3 |       |       |       |       ||    25
         Flame Wave        |       |       |     1 |     5 |     8 |       |       |       |       ||    14
         Sticky Flame      |       |       |       |    63 |    47 |    12 |     1 |    10 |       ||   133
         Fireball          |       |       |       |    34 |    19 |    14 |     3 |       |       ||    70
         Volatile Blastmot |       |       |       |     1 |       |       |     3 |       |       ||     4
         Starburst         |       |       |       |    12 |    78 |    48 |    10 |    19 |       ||   167
         Plasma Beam       |       |       |       |       |   223 |   366 |   440 |   262 |   490 ||  1781
         Arcjolt           |       |       |       |       |    14 |    17 |    12 |     4 |     8 ||    55
         Airstrike         |       |       |       |       |     1 |     1 |   120 |    23 |     5 ||   150
         Conjure Ball Ligh |       |       |       |       |       |     3 |       |     5 |     1 ||     9
         Ignition          |       |       |       |       |       |       |    14 |    46 |   152 ||   212
         Maxwell's Capacit |       |       |       |       |       |       |       |   190 |   174 ||   364
         Freezing Cloud    |       |       |       |       |       |       |       |    30 |     3 ||    33
         Chain Lightning   |       |       |       |       |       |       |       |       |    10 ||    10
         Fire Storm        |       |       |       |       |       |       |       |       |     1 ||     1
 Invoke: Channel Magic     |       |       |       |       |       |     5 |     5 |     1 |     1 ||    12
  Evoke: Wand              |       |       |       |       |     1 |     1 |       |       |    10 ||    12
         Lightning rod     |       |       |       |       |       |     2 |       |       |       ||     2
    Use: Scroll            |       |       |     6 |     8 |    11 |     9 |     3 |     6 |    23 ||    66
         Potion            |       |       |       |       |     2 |     4 |     2 |     2 |    10 ||    20
   Stab: Sleeping          |     1 |       |       |       |       |       |       |       |       ||     1
         Distracted        |       |       |       |       |       |     1 |       |       |       ||     1
 Armour: Robe              |     1 |    15 |    63 |   153 |   155 |    49 |       |       |   135 ||   571
         Troll leather arm |       |       |       |       |       |    98 |   268 |   355 |   516 ||  1237
         Skin              |       |       |       |       |       |       |       |       |     5 ||     5
  Dodge: Dodged            |     2 |    20 |    37 |   211 |   558 |   455 |   572 |   496 |  1190 ||  3541
  Block: Other             |       |       |       |       |       |       |     5 |    26 |    12 ||    43
         Form:             |       |       |       |       |       |       |       |       |     2 ||     2
         Statue            |       |       |       |       |       |       |       |       |     1 ||     1
         Dragon            |       |       |       |       |       |       |       |       |     1 ||     1
         Death             |       |       |       |       |       |       |       |       |     1 ||     1
